 Dungeon Crawl Stone Soup version 0.27.1-1-g398f81649c (webtiles) character file.

Game seed: 5104146294488147255

466 AttackTheMoon the Magician (level 7, 0/50 HPs)
             Began as a Gnoll Hedge Wizard on Sept 6, 2021.
             Slain by a kobold brigand (6 damage)
             ... on level 3 of the Dungeon.
             The game lasted 00:13:34 (4083 turns).

AttackTheMoon the Magician (Gnoll Hedge Wizard)     Turns: 4083, Time: 00:13:35

Health: 0/50       AC:  3    Str:  9    XL:     7   Next: 8%
Magic:  12/18      EV: 13    Int: 16    God:
Gold:   113        SH:  0    Dex: 11    Spells: 15/21 levels left

rFire    + . .     SeeInvis .   l - +2 scythe (protect)
rCold    . . .     Faith    .   (shield currently unavailable)
rNeg     . . .     Spirit   .   b - +0 robe
rPois    .         Reflect  .   c - +0 hat
rElec    .         Harm     .   (no cloak)
rCorr    .         Rampage  .   k - +0 pair of gloves
Will     .....                  (no boots)
Stlth    ++........             (no amulet)
HPRegen  0.16/turn              e - ring of protection from fire
MPRegen  0.16/turn              (no ring)

@: silenced
A: fangs 1, strong nose, distributed training
a: no special abilities


You were on level 3 of the Dungeon.
You visited 1 branch of the dungeon, and saw 4 of its levels.

You collected 113 gold pieces.

Inventory:

Hand Weapons
 a - a +1 dagger
 l - a +2 scythe of protection (weapon)
Armour
 b - a +0 robe (worn)
 c - a +0 hat (worn)
 k - a +0 pair of gloves (worn)
Magical Staves
 j - a staff of cold
Jewellery
 e - a ring of protection from fire (left hand)
Scrolls
 d - 2 scrolls of fog
 f - 3 scrolls of identify
Potions
 g - 3 potions of cancellation


   Skills:
 + Level 2.2 Fighting
 + Level 2.2 Short Blades
 + Level 2.2 Long Blades
 + Level 2.2 Axes
 + Level 2.2 Maces & Flails
 + Level 2.2 Polearms
 + Level 2.2 Staves
 + Level 2.2 Slings
 + Level 2.2 Bows
 + Level 2.2 Crossbows
 + Level 2.2 Throwing
 + Level 2.2 Armour
 + Level 5.1 Dodging
 + Level 4.7 Stealth
 + Level 2.2 Shields
 + Level 2.2 Unarmed Combat
 + Level 7.5 Spellcasting
 + Level 2.8 Conjurations
 + Level 1.8 Hexes
 + Level 2.8 Summonings
 + Level 1.8 Necromancy
 + Level 2.8 Translocations
 + Level 1.8 Transmutations
 + Level 1.8 Fire Magic
 + Level 1.8 Ice Magic
 + Level 1.8 Air Magic
 + Level 1.8 Earth Magic
 + Level 1.8 Poison Magic
 + Level 2.5 Invocations
 + Level 2.2 Evocations


You had 15 spell levels left.
You knew the following spells:

 Your Spells              Type           Power      Damage    Failure   Level
a - Magic Dart            Conj           60%        1d6       3%          1
b - Blink                 Tloc           N/A        N/A       5%          2
c - Mephitic Cloud        Conj/Pois/Air  12%        N/A       14%         3

Your spell library contained the following spells:

 Spells                   Type           Power      Damage    Failure   Level
 Call Imp                 Summ           15%        N/A       5%          2
 Slow                     Hex            11%        N/A       9%          2
 Conjure Flame            Conj/Fire      13%        6-21      14%         3


Dungeon Overview and Level Annotations

Branches:
Dungeon (4/15)
 Temple: D:4-7

Altars:
Makhleb
Sif Muna

Annotations:
D:3 2 runed translucent doors, Ekaitz's ghost, amateur DsVM


Innate Abilities, Weirdness & Mutations

You have very sharp teeth.
Your uncanny sense of smell can sniff out nearby items.
Your experience applies equally to all skills.


Message History

Aim: a kobold brigand, wielding a +0 club and quivering poisoned darts (moderately wounded, 100% to hit)
The magic dart hits the kobold brigand but does no damage.
The kobold brigand is moderately wounded.
The kobold brigand hits you with a +0 club.
Sorry, you're not good enough to have a special ability.
As you read the scroll labelled ALENGA UTAI, it crumbles to dust.
You feel strangely unstable.
It was a scroll of teleportation.
The kobold brigand hits you with a +0 club.
As you read the scroll labelled WYORUSOOLI, it crumbles to dust.
A profound silence engulfs you.
It was a scroll of silence.
The kobold brigand hits you with a +0 club.
You miss the kobold brigand.
You bite the kobold brigand, but do no damage.
The kobold brigand is moderately wounded.
Your surroundings seem slightly different.
The kobold brigand throws a poisoned dart.
The poisoned dart completely misses you.
The kobold brigand misses you.
You slash the kobold brigand!
Your weapon exudes an aura of protection.
Your bite misses the kobold brigand.
The kobold brigand is severely wounded.
The kobold brigand hits you but does no damage. x2
You barely miss the kobold brigand.
The kobold brigand is heavily wounded.
The kobold brigand barely misses you.
You barely miss the kobold brigand.
The kobold brigand is heavily wounded.
The kobold brigand hits you with a +0 club. x2
You closely miss the kobold brigand. Your bite misses the kobold brigand.
The kobold brigand is heavily wounded.
The kobold brigand hits you with a +0 club.
* * * LOW HITPOINT WARNING * * *
The kobold brigand hits you with a +0 club!
* * * LOW HITPOINT WARNING * * *
You closely miss the kobold brigand.
The kobold brigand is heavily wounded.
The kobold brigand barely misses you.
The kobold brigand hits you with a +0 club.
You die...

####.### #.
#####.##### #.
#.........# ##†
#..##..##.# ##..
#..##..##.# ##..(
#..##..#..# ##....
#..##.....####.....
#..##........'.....
#.@##.....####.....
#.K)...#..# ##....
#.........# ##...
#.##.....## ###..
#>##...†.# #....
#.##.....# #.##.
#.##[....# #.##.
#.....#..######.##.
####.###.#.........


You could see a kobold brigand.

Vanquished Creatures
  Grinder (D:3)
  Sigmund (D:3)
  A water moccasin zombie (D:3)
  3 adders
  4 dart slugs
  10 ball pythons
  4 bats
  2 endoplasms
  3 giant cockroaches
  6 goblins
  3 hobgoblins
  2 jackals (D:1)
  5 quokkas
  A frilled lizard (D:1)
  9 kobolds
  5 rats
60 creatures vanquished.

Notes
Turn   | Place    | Note
-------+----------+-------------------------------------------
     0 | D:1      | AttackTheMoon the Gnoll Hedge Wizard began the quest for
                  | the Orb.
     0 | D:1      | Reached XP level 1. HP: 13/13 MP: 8/8
   483 | D:1      | Reached XP level 2. HP: 19/19 MP: 7/10
   691 | D:1      | Found a faded altar of an unknown god.
  1245 | D:2      | Reached XP level 3. HP: 25/25 MP: 8/11
  1408 | D:2      | Reached skill level 1 in Invocations
  1800 | D:2      | Reached skill level 1 in Fighting
  1800 | D:2      | Reached skill level 1 in Short Blades
  1800 | D:2      | Reached skill level 1 in Long Blades
  1800 | D:2      | Reached skill level 1 in Axes
  1800 | D:2      | Reached skill level 1 in Maces & Flails
  1800 | D:2      | Reached skill level 1 in Polearms
  1800 | D:2      | Reached skill level 1 in Staves
  1800 | D:2      | Reached skill level 1 in Slings
  1800 | D:2      | Reached skill level 1 in Bows
  1800 | D:2      | Reached skill level 1 in Crossbows
  1800 | D:2      | Reached skill level 1 in Throwing
  1800 | D:2      | Reached skill level 1 in Armour
  1800 | D:2      | Reached skill level 1 in Shields
  1800 | D:2      | Reached skill level 1 in Unarmed Combat
  1800 | D:2      | Reached skill level 1 in Evocations
  2248 | D:2      | Reached XP level 4. HP: 28/32 MP: 5/13
  2459 | D:3      | Learned a level 2 spell: Blink
  2463 | D:3      | Learned a level 3 spell: Mephitic Cloud
  2583 | D:3      | Noticed Grinder
  2602 | D:3      | Killed Grinder
  2603 | D:3      | Reached skill level 1 in Hexes
  2603 | D:3      | Reached skill level 1 in Necromancy
  2603 | D:3      | Reached skill level 1 in Transmutations
  2603 | D:3      | Reached skill level 1 in Fire Magic
  2603 | D:3      | Reached skill level 1 in Ice Magic
  2603 | D:3      | Reached skill level 1 in Air Magic
  2603 | D:3      | Reached skill level 1 in Earth Magic
  2603 | D:3      | Reached skill level 1 in Poison Magic
  2603 | D:3      | Reached XP level 5. HP: 36/38 MP: 0/14
  2603 | D:3      | Reached XP level 6. HP: 41/44 MP: 0/16
  2924 | D:3      | Reached skill level 5 in Dodging
  2924 | D:3      | Noticed Sigmund
  3315 | D:3      | Found a burning altar of Makhleb.
  3322 | D:3      | Found a shimmering blue altar of Sif Muna.
  3499 | D:3      | Found a runed translucent door.
  3502 | D:3      | Noticed Ekaitz's ghost (amateur DsVM)
  3846 | D:3      | Killed Sigmund
  3847 | D:3      | Reached XP level 7. HP: 49/50 MP: 3/18
  4003 | D:3      | Found a runed translucent door.
  4083 | D:3      | Slain by a kobold brigand

Illustrated notes

Levels and vault maps discovered:
D:1:      minmay_arrival_hallway, layout_loops_corners,
          ebering_ecumenical_altar_abandoned
D:2:      layout_basic
D:3:      layout_loops_corners, grunt_temple_overflow_open,
          ebering_ghost_sewer_f, minmay_misc_feat_alley, uniq_grinder,
          uniq_sigmund
D:4:      lemuel_castle_with_subvaults [lemuel_castle_interior_carwin_3],
          layout_layer_cave

Skill      XL: |  1  2  3  4  5  6 |
---------------+-------------------+-----
Conjurations   | 2 |  2.8
Summonings     | 2 |  2.8
Translocations | 2 |  2.8
Invocations    | 1 2 |  2.5
Fighting       | 1 2 |  2.2
Short Blades   | 1 2 |  2.2
Long Blades    | 1 2 |  2.2
Axes           | 1 2 |  2.2
Maces & Flails | 1 2 |  2.2
Polearms       | 1 2 |  2.2
Staves         | 1 2 |  2.2
Slings         | 1 2 |  2.2
Bows           | 1 2 |  2.2
Crossbows      | 1 2 |  2.2
Throwing       | 1 2 |  2.2
Armour         | 1 2 |  2.2
Shields        | 1 2 |  2.2
Unarmed Combat | 1 2 |  2.2
Evocations     | 1 2 |  2.2
Hexes          | 1 |  1.8
Necromancy     | 1 |  1.8
Transmutations | 1 |  1.8
Fire Magic     | 1 |  1.8
Ice Magic      | 1 |  1.8
Air Magic      | 1 |  1.8
Earth Magic    | 1 |  1.8
Poison Magic   | 1 |  1.8
Dodging        | 5 |  5.1
Stealth        | |  4.7
Spellcasting   | |  7.5

Action                   |  1- 3 |  4- 6 |  7- 9 || total
-------------------------+-------+-------+-------++-------
Melee: Dagger            |     8 |    23 |     5 ||    36
       Bite              |       |     2 |     1 ||     3
       Scythe            |       |       |    10 ||    10
 Cast: Magic Dart        |   101 |    63 |    10 ||   174
       Mephitic Cloud    |       |     2 |     1 ||     3
       Blink             |       |     2 |       ||     2
  Use: Scroll            |     1 |     6 |     2 ||     9
       Potion            |       |     3 |       ||     3
 Stab: Confused          |       |     3 |       ||     3
Armor: Robe              |     2 |    14 |    10 ||    26
Dodge: Dodged            |    13 |    28 |    17 ||    58
